 Dungeon Crawl Stone Soup version 0.17.0-24-gcfadda4 (console) character file.

77730 wobbegong the Jinx (level 15, -6/71 HPs)
             Began as a Felid Enchanter on Nov 14, 2015.
             Was a High Priest of Dithmenos.
             Mangled by a spectral alligator (22 damage)
             ... called from beyond by a ghost crab
             ... on level 3 of the Swamp on Nov 17, 2015.
             The game lasted 05:12:27 (46396 turns).

wobbegong the Jinx (Felid Enchanter)               Turns: 46396, Time: 05:12:29

Health: -6/71      AC:  7    Str:  8    XL:     15   Next: 16%
Magic:  17/30      EV: 28    Int: 30    God:    Dithmenos [*****.]
Gold:   1476       SH:  0    Dex: 18    Spells: 8 memorised, 5 levels left
                                        Lives:  0   Deaths: 4

rFire  + . .     SeeInvis +       - Unarmed
rCold  + + .     Clarity  .     (armour unavailable)
rNeg   + . .     SustAt   .     (shield unavailable)
rPois  .         Gourm    .     (helmet unavailable)
rElec  +         Spirit   .     (cloak unavailable)
rCorr  .         Warding  +     (gloves unavailable)
rMut   .         Stasis   .     (boots unavailable)
MR     +....                    d - amulet of warding
Stlth  ++++++++++               l - ring of Genlevaw {Wiz rElec MR- Int+8}
                                j - ring of the Evening {rF+ Int+4 Dex+2}

@: about to teleport, very slightly contaminated, wreathed by umbra, invisible,
quick, somewhat resistant to hostile enchantments, uncannily stealthy
A: no armour, no weapons or thrown items, antennae 1, claws 1, fangs 3,
iridescent scales 1, camouflage 1, see invisible, carnivore 3, cold resistance
1, dopey 1, speed 1, shaggy fur 3, slow metabolism 1, sharp paws
a: Shadow Step, Shadow Form, Renounce Religion


You were on level 3 of the Swamp.
You worshipped Dithmenos.
Dithmenos was extremely pleased with you.
You were completely stuffed.

You visited 6 branches of the dungeon, and saw 30 of its levels.
You also visited: Labyrinth and Volcano.

You collected 2962 gold pieces.
You spent 1486 gold pieces at shops.

Inventory:

Jewellery
 d - an amulet of warding (around neck)
 e - an uncursed ring of protection from fire
 j - the ring of the Evening (left paw) {rF+ Int+4 Dex+2}
   (You bought it in a shop on level 4 of the Orcish Mines)

   [ring of protection from fire]

   It affects your intelligence (+4).
   It affects your dexterity (+2).
   It protects you from fire.
 l - the ring of Genlevaw (right paw) {Wiz rElec MR- Int+8}
   (You bought it in a shop on level 4 of the Orcish Mines)

   [ring of wizardry]

   It improves your spell success rate.
   It affects your intelligence (+8).
   It insulates you from electricity.
   It affects your resistance to hostile enchantments.
 D - an uncursed ring of flight
 I - an uncursed amulet of clarity
Wands
 c - a wand of teleportation (2)
 k - a wand of cold (5)
 o - a wand of digging (13)
 v - a wand of frost (20)
 z - a wand of polymorph (4)
 F - a wand of paralysis (8)
 J - a wand of lightning (4)
 N - a wand of draining (7)
 O - a wand of enslavement (5)
 S - a wand of digging (8)
 X - a wand of teleportation (1)
 Z - a wand of enslavement (8)
Scrolls
 n - a scroll of recharging
 p - a scroll of fear
 q - a scroll of amnesia
 s - 3 scrolls of magic mapping
 w - a scroll of silence
 y - a scroll of blinking {unknown}
 B - 2 scrolls of teleportation
 C - 2 scrolls of vulnerability
 E - 5 scrolls of fog
 G - 13 scrolls of remove curse
 U - a scroll of brand weapon {unknown}
Potions
 f - 5 potions of lignification
 i - 3 potions of haste
 m - 5 potions of ambrosia
 t - a potion of mutation
 A - 2 potions of brilliance
 L - 5 potions of berserk rage
 M - 4 potions of invisibility
 P - 2 potions of cure mutation
 R - 3 potions of might
 T - a potion of heal wounds
 V - 5 potions of agility
Books
 a - a book of Maledictions

   Spells                             Type                      Level
   a - Corona                         Hexes                        1
   b - Ensorcelled Hibernation        Hexes/Ice                    2
   c - Confuse                        Hexes                        3
   d - Tukima's Dance                 Hexes                        3
   e - Dazzling Spray                 Conjuration/Hexes            3
 u - a book of the Sky

   Spells                             Type                      Level
   a - Summon Lightning Spire         Summoning/Air                4
   b - Airstrike                      Air                          4
   c - Silence                        Hexes/Air                    5
   d - Deflect Missiles               Charms/Air                   6
   e - Conjure Ball Lightning         Conjuration/Air              6
   f - Tornado                        Air                          9
 H - a book of Burglary

   Spells                             Type                      Level
   a - Swiftness                      Charms/Air                   2
   b - Passwall                       Transmutation/Earth          3
   c - Passage of Golubria            Translocation                4
   d - Lee's Rapid Deconstruction     Earth                        5
   e - Darkness                       Hexes                        6
   f - Invisibility                   Hexes                        6
 K - a book of Alchemy

   Spells                             Type                      Level
   a - Sublimation of Blood           Necromancy                   2
   b - Ignite Poison                  Fire/Transmutation/Poison    3
   c - Alistair's Intoxication        Transmutation/Poison         4
   d - Condensation Shield            Ice                          4
   e - Petrify                        Transmutation/Earth          4
   f - Irradiate                      Conjuration/Transmutation    5
 Q - a book of Annihilations

   Spells                             Type                      Level
   a - Poison Arrow                   Conjuration/Poison           6
   b - Chain Lightning                Conjuration/Air              8
   c - Lehudib's Crystal Spear        Conjuration/Earth            8
   d - Glaciate                       Conjuration/Ice              9
   e - Fire Storm                     Conjuration/Fire             9
 Y - a book of Clouds

   Spells                             Type                      Level
   a - Mephitic Cloud                 Conjuration/Poison/Air       3
   b - Conjure Flame                  Conjuration/Fire             3
   c - Poisonous Cloud                Conjuration/Poison/Air       6
   d - Freezing Cloud                 Conjuration/Ice/Air          6
   e - Ring of Flames                 Charms/Fire                  7
Comestibles
 b - 6 meat rations
 g - 6 slices of pizza
 h - 3 chunks of flesh
 r - 6 beef jerkies
 x - 16 royal jellies


   Skills:
 * Level 11.4 Fighting
 + Level 11.9 Dodging
 + Level 13.9 Stealth
 + Level 9.1 Unarmed Combat
 * Level 10.8 Spellcasting
 * Level 9.1 Conjurations
 + Level 14.4 Hexes
 * Level 8.0 Ice Magic
 * Level 8.8 Air Magic
 - Level 5.0 Evocations


You had 5 spell levels left.
You knew the following spells:

 Your Spells              Type           Power        Failure   Level  Hunger
a - Conjure Ball Lightni  Conj/Air       ######....   6%          6    #####..
b - Ensorcelled Hibernat  Hex/Ice        ######       1%          2    None
c - Confuse               Hex            #######.     1%          3    None
d - Dazzling Spray        Conj/Hex       ######..     1%          3    None
e - Tukima's Dance        Hex            #######.     1%          3    None
f - Airstrike             Air            ######....   1%          4    None
g - Invisibility          Hex            #######.     1%          6    #####..
h - Passwall              Trmt/Erth      ###.......   4%          3    None


Dungeon Overview and Level Annotations

Branches:
Dungeon (13/15)            Temple (1/1) D:4            Lair (8/8) D:10
  Swamp (3/4) Lair:6        Snake (0/4) Lair:3        Slime (0/6) Lair:7
    Orc (4/4) D:10            Elf (1/3) Orc:4
 Vaults: D:13-14

Altars:
Ashenzari
Cheibriados
Dithmenos
Elyvilon
Fedhas
Gozag
Kikubaaqudgha
Makhleb
Nemelex Xobeh
Okawaru
Qazlal
Ru
Sif Muna
Trog
Vehumet
Xom
Yredelemnul
Zin
The Shining One
Beogh
Jiyva

Shops:
D:5 !:?:   D:13 =*[   Orc:2 %   Orc:4 *[=

Portals:
Trove: D:10 (show abyssal rune of Zot)


Innate Abilities, Weirdness & Mutations

You cannot wear armour.
You are incapable of wielding weapons or throwing items.
You have sharp claws.
You have razor-sharp teeth.
You have supernaturally acute eyesight.
You are carnivorous and can eat meat at any time.
You cover ground quickly.
Your thick and shaggy fur keeps you warm (AC +3, rC+).
You have a slow metabolism.
Your sharp claws are effective at attacking unaware monsters.
You have a pair of small antennae on your head.
You are partially covered in iridescent scales (AC +4).
Your skin changes colour to match your surroundings (Stealth).
Your flesh is cold resistant.
You are dopey. (Int -2)


Message History

The ghost crab breathes ghostly flame at you.
The spectral mist engulfs you!
The spectral alligator completely misses you.
The spectral alligator misses you.
Read which item? (? for menu, Esc to quit)
As you read the scroll of teleportation, it crumbles to dust.
You feel strangely unstable.
You are engulfed in spectral mist.
The spectral alligator completely misses you.
The spectral alligator tail-slaps you.
* * * LOW HITPOINT WARNING * * *
The spectral alligator completely misses you.
The spectral alligator misses you.
You barely miss the ghost crab.
The ghost crab is moderately wounded.
You are engulfed in spectral mist.
* * * LOW HITPOINT WARNING * * *
The spectral alligator barely misses you.
The spectral alligator completely misses you.
The spectral alligator bites you!!
You die...

≈≈≈..#..♣..≈≈≈≈≈≈...§≈≈.≈≈≈.
♣♣≈≈
.≈≈≈♣##♣...≈≈≈≈≈≈≈.......≈≈.
♣♣. .≈≈♣♣
#≈≈§≈≈≈≈≈≈≈≈.≈≈..≈♣... ♣.
.≈♣♣ #.≈≈≈≈≈..)♣♣♣.≈≈.♣♣♣≈.
♣. .♣♣
♣♣≈≈≈≈≈≈.♣Z♣.≈♣≈..♣.≈≈.♣ ♣♣
≈♣
♣§..≈≈≈≈≈..§§.≈...♣≈≈≈..♣♣♣
♣♣.>>.≈§≈§§≈≈≈.≈...≈§....♣. ≈
♣.≈≈≈≈≈≈§§ZZ≈§..≈≈......♣..
≈≈♣≈≈≈≈≈≈≈.Z@§t..≈.........≈.
..≈≈≈≈≈≈≈.§♣♣♣♣..♣♣.?####....
....≈≈≈≈≈..≈♣♣≈.....##...##..
♣≈..≈≈§≈.....♣≈..##......#.
♣♣♣.<.≈≈≈≈≈≈♣♣"..+ ..#...#.
♣≈≈♣♣.≈≈≈≈.♣♣♣≈..# ...#..#.
♣≈.. ♣♣≈.≈≈≈♣ ♣♣..#...#.....
.≈≈ .≈♣♣≈≈≈.♣♣♣♣..#.......#.
≈≈w≈≈≈≈.....≈..#.÷..##..


You could see a ghost crab (wandering), a spectral giant leech, 2 spectral
alligators and a spectral shadow dragon.

Vanquished Creatures
  Saint Roka (Orc:4)
  Frances (Swamp:1)
  Kirke (Lair:5)
  An orc warlord (Orc:2)
  A very ugly thing (Swamp:1)
  Snorg (Orc:2)
  A fire dragon (Lair:8)
  A minotaur (Lab)
  A ghost crab (Swamp:2)
  11 hydras
  3 centaur warriors (D:13)
  Erolcha (D:12)
  13 alligators
  A tengu warrior (D:13)
  13 death yaks (Lair:7)
  2 unseen horrors
  2 spriggan druids
  2 lindwurms (Lair:8)
  2 swamp dragons (Swamp:2)
  Pikel (D:5)
  3 orc knights
  2 shambling mangroves
  An ugly thing (D:12)
  2 orc sorcerers (Orc:4)
  A manticore (D:13)
  8 elephants
  2 cyclopes (Orc:3)
  2 hornets (Swamp:2)
  7 griffons
  9 black mambas
  3 gargoyles
  6 torpor snails
  7 komodo dragons
  11 spiny frogs
  2 fire drakes (Lair:7)
  A tengu conjurer (D:13)
  2 polar bears
  A queen bee (Orc:2)
  2 boulder beetles
  4 trolls
  Grinder (D:5)
  6 giant leeches
  14 slime creatures
  3 bog bodies
  25 blink frogs
  6 spriggans
  3 trapdoor spiders
  6 shadows
  23 vampire mosquitoes
  39 yaks
  A hog (Lair:5)
  5 hungry ghosts
  5 deep elf magi
  A vampire (D:13)
  2 basilisks (Lair:1)
  11 wolves
  A deep elf fighter (D:10)
  4 wargs
  A soldier ant (D:12)
  18 water moccasins
  25 swamp worms
  12 insubstantial wisps
  6 porcupines
  14 hippogriffs
  2 phantoms
  7 swamp drakes
  Duvessa (D:5)
  2 ice beasts
  13 wasps
  2 black bears
  2 necrophages
  9 ogres
  A sky beast (D:8)
  17 orc warriors
  14 centaurs
  22 crocodiles
  2 big kobolds
  4 brain worms (Lair:8)
  14 giant frogs
  A wyvern skeleton (D:12)
  A water moccasin skeleton (D:9)
  Dowan (D:5)
  37 killer bees
  7 scorpions
  3 electric eels
  4 crimson imps
  2 giant frog zombies
  A jelly (D:3)
  A wasp zombie (D:10)
  2 centaur skeletons
  10 hounds
  17 orc wizards
  A quasit (D:11)
  10 orc priests
  3 giant frog skeletons
  Jessica (D:2)
  5 worker ants
  12 iguanas
  A hound zombie (D:5)
  An ogre skeleton (Lab)
  A hound skeleton (D:4)
  A worker ant zombie (D:10)
  3 gnolls (D:2)
  49 river rats
  A shadow imp (D:5)
  17 adders
  An ooze (D:6)
  24 worms
  2 adder skeletons
  89 orcs
  3 ball pythons
  16 bats
  5 giant cockroaches
  7 hobgoblins
  14 jackals
  6 quokkas
  7 giant geckos
  4 giant newts
  8 goblins
  14 kobolds
  A quokka skeleton (D:4)
  6 rats
  3 plants
883 creatures vanquished.

Vanquished Creatures (collateral kills)
  Maud (D:13)
  Harold (Lair:3)
  An orc high priest (Orc:4)
  2 hill giants (D:10)
  2 orc knights (Orc:4)
  A gargoyle (D:13)
  A troll (D:9)
  A spriggan (Lair:4)
  3 nagas (Lair:3)
  A warg (Orc:4)
  12 orc warriors
  6 ogres
  Blork the orc (Orc:4)
  5 wights (D:7)
  5 orc priests
  11 orc wizards
  A worker ant (D:6)
  29 orcs
  A jackal (D:6)
  A giant gecko skeleton (D:7)
  2 kobolds (D:7)
88 creatures vanquished.

Vanquished Creatures (others)
  5 dancing weapons
  69 ball lightnings
  A human (Lair:5)
  An orc wizard (D:5)
  2 slaves (D:5)
  A scorpion (D:5)
  5 killer bees (D:10)
  A giant frog zombie (D:5)
  A crimson imp (D:5)
  A hound (D:5)
  2 worker ants (D:5)
  An adder (D:5)
  4 orcs
  24 fungi
  5 plants
123 creatures vanquished.

Grand Total: 1094 creatures vanquished

Notes
Turn   | Place    | Note
--------------------------------------------------------------
     0 | D:1      | wobbegong the Felid Enchanter began the quest for the Orb.
     0 | D:1      | Reached XP level 1. HP: 7/7 MP: 4/4
   605 | D:1      | Reached XP level 2. HP: 11/11 MP: 6/6
   609 | D:1      | Learned a level 2 spell: Ensorcelled Hibernation
  1233 | D:2      | Noticed Jessica
  1245 | D:2      | Killed Jessica
  1245 | D:2      | Reached XP level 3. HP: 14/14 MP: 0/8
  1319 | D:2      | Learned a level 3 spell: Confuse
  1389 | D:2      | Found a radiant altar of Vehumet.
  2219 | D:2      | Reached skill level 5 in Hexes
  2219 | D:2      | Reached XP level 4. HP: 9/18 MP: 3/9
  2730 | D:2      | Learned a level 3 spell: Dazzling Spray
  4000 | D:2      | Reached skill level 5 in Stealth
  4000 | D:2      | Reached XP level 5. HP: 14/21 MP: 1/10
  5233 | D:3      | Reached skill level 6 in Hexes
  5233 | D:3      | Gained mutation: You are covered in thick fur (AC +2). [Felid growth]
  5233 | D:3      | Reached XP level 6. HP: 24/24 MP: 8/12
  5250 | D:3      | Killed from afar by an orc wizard
  5251 | D:3      | Reached XP level 5. HP: -5/21 MP: 1/11
  5694 | D:4      | Noticed an ogre
  5761 | D:4      | Noticed an ogre
  5793 | D:4      | Found a staircase to the Ecumenical Temple.
  5813 | Temple   | Entered the Ecumenical Temple
  6437 | D:4      | Noticed a phantom
  6772 | D:4      | Noticed a hippogriff
  6797 | D:4      | Killed a hippogriff
  6797 | D:4      | Reached XP level 6. HP: 5/24 MP: 9/13
  7251 | D:4      | Learned a level 3 spell: Tukima's Dance
  7513 | D:4      | Killed an ogre
  7525 | D:4      | Noticed an ogre
  7527 | D:4      | Killed an ogre
  7527 | D:4      | Reached skill level 7 in Hexes
  7707 | D:4      | Killed an ogre
  7707 | D:4      | Reached XP level 7. HP: 22/28 MP: 2/14
  7775 | D:4      | Killed a phantom
  7946 | D:5      | Entered Level 5 of the Dungeon
  7946 | D:5      | Found Kuixuf's Distillery.
  7946 | D:5      | Found Othatz's Magic Scroll Boutique.
  7986 | D:5      | Reached skill level 1 in Fighting
  8252 | D:5      | Found a blossoming altar of Fedhas.
  8272 | D:5      | Noticed Pikel
  8290 | D:5      | Killed Pikel
  8290 | D:5      | Reached skill level 5 in Dodging
  8290 | D:5      | Reached skill level 8 in Hexes
  8506 | D:5      | Noticed Duvessa
  8507 | D:5      | Noticed Dowan
  8518 | D:5      | Killed Dowan
  8518 | D:5      | Reached XP level 8. HP: 27/33 MP: 9/16
  8550 | D:5      | Killed Duvessa
  8848 | D:5      | Found Koluev's Book Emporium.
  9168 | D:5      | Found Nuics's Book Emporium.
  9179 | D:5      | Learned a level 4 spell: Airstrike
  9181 | D:5      | Noticed Grinder
  9200 | D:5      | Killed Grinder
  9200 | D:5      | Reached skill level 1 in Air Magic
  9330 | D:5      | Reached skill level 5 in Spellcasting
  9330 | D:5      | Reached skill level 9 in Hexes
  9942 | D:6      | Found a burning altar of Makhleb.
 10015 | D:6      | Reached XP level 9. HP: 22/37 MP: 11/17
 10232 | D:6      | Found a runed door.
 10614 | D:6      | Found a roughly hewn altar of Beogh.
 11536 | D:6      | Upgraded the game from 0.17.0-23-g0de4337 to 0.17.0-24-gcfadda4
 12434 | D:7      | Found an iron altar of Okawaru.
 12435 | D:7      | Found a sparkling altar of Nemelex Xobeh.
 12440 | D:7      | Found a bloodstained altar of Trog.
 12441 | D:7      | Found a shadowy altar of Dithmenos.
 12441 | D:7      | Found a glowing golden altar of the Shining One.
 12441 | D:7      | Found a glowing silver altar of Zin.
 12443 | D:7      | Found a shattered altar of Ashenzari.
 12445 | D:7      | Found an ancient bone altar of Kikubaaqudgha.
 12446 | D:7      | Found a white marble altar of Elyvilon.
 12481 | D:7      | Became a worshipper of Dithmenos the Shadowed
 13306 | D:8      | Reached skill level 5 in Unarmed Combat
 13640 | D:9      | Reached skill level 10 in Hexes
 13800 | D:9      | Reached XP level 10. HP: 31/42 MP: 19/19
 14295 | D:10     | Entered Level 10 of the Dungeon
 14295 | D:10     | Found a staircase to the Lair.
 14343 | D:10     | Noticed a hill giant
 14353 | D:10     | Killed a hill giant
 14353 | D:10     | Reached skill level 1 in Conjurations
 14353 | D:10     | Reached skill level 5 in Air Magic
 14433 | D:10     | Noticed a hill giant
 14438 | D:10     | Killed a hill giant
 14438 | D:10     | Reached * piety under Dithmenos
 14996 | D:10     | Found a staircase to the Orcish Mines.
 14999 | D:10     | Found a portal to a secret trove of treasure.
 15694 | Orc:1    | Entered Level 1 of the Orcish Mines
 15742 | Orc:2    | Found Ezun's Food Emporium.
 15742 | Orc:2    | Noticed an orc warlord
 15821 | D:10     | Reached ** piety under Dithmenos
 15874 | Lair:1   | Entered Level 1 of the Lair of Beasts
 15933 | Lair:1   | Noticed a black mamba
 15936 | Lair:1   | Killed a black mamba
 15936 | Lair:1   | Reached skill level 5 in Fighting
 16021 | Lair:1   | Reached skill level 10 in Stealth
 16058 | Lair:1   | Reached XP level 11. HP: 48/48 MP: 21/21
 16656 | Lair:1   | Noticed an eight-headed hydra
 16682 | Lair:1   | Killed an eight-headed hydra
 17399 | Lair:1   | Learned a level 6 spell: Invisibility
 18051 | Lair:2   | Reached skill level 11 in Hexes
 18077 | Lair:2   | Reached *** piety under Dithmenos
 18988 | Lair:3   | Noticed Harold
 19177 | Lair:3   | Killed Harold
 19177 | Lair:3   | Reached skill level 1 in Evocations
 19399 | Lair:3   | Found a staircase to the Snake Pit.
 19725 | Lair:3   | Reached **** piety under Dithmenos
 20652 | Lair:4   | Gained mutation: Your thick and shaggy fur keeps you warm (AC +3, rC+). [Felid growth]
 20652 | Lair:4   | Reached XP level 12. HP: 29/54 MP: 4/23
 21384 | Lair:4   | Reached skill level 1 in Ice Magic
 22092 | Lair:5   | Reached ***** piety under Dithmenos
 22213 | Lair:5   | Noticed Kirke
 22233 | Lair:5   | HP: 2/54 [manticore[Kirke] (7)]
 22233 | Lair:5   | Slain by a manticore
 22234 | Lair:5   | Reached XP level 11. HP: -3/50 MP: 1/22
 22237 | Lair:5   | Killed Kirke
 22237 | Lair:5   | Reached skill level 5 in Conjurations
 22691 | Lair:6   | Found a staircase to the Swamp.
 22814 | Lair:6   | Reached skill level 12 in Hexes
 22891 | Lair:6   | Gained mutation: You are partially covered in iridescent scales (AC +4). [potion of mutation]
 22891 | Lair:6   | Gained mutation: Your flesh is cold resistant. [potion of mutation]
 22891 | Lair:6   | Gained mutation: Your skin changes colour to match your surroundings (Stealth). [potion of mutation]
 23457 | Lair:7   | Noticed a death yak
 23457 | Lair:7   | Noticed a death yak
 23457 | Lair:7   | Noticed a death yak
 23460 | Lair:7   | Noticed a death yak
 23463 | Lair:7   | Reached XP level 12. HP: 55/55 MP: 18/24
 23469 | Lair:7   | Noticed a death yak
 23469 | Lair:7   | Noticed a death yak
 23483 | Lair:7   | Killed a death yak
 23486 | Lair:7   | Killed a death yak
 23491 | Lair:7   | Killed a death yak
 23499 | Lair:7   | Killed a death yak
 23519 | Lair:7   | Killed a death yak
 23533 | Lair:7   | Killed a death yak
 23732 | Lair:7   | Noticed a six-headed hydra
 23751 | Lair:7   | Killed a six-headed hydra
 24170 | Lair:7   | Found a viscous altar of Jiyva.
 24171 | Lair:7   | Found a staircase to the Slime Pits.
 24304 | Lair:7   | Noticed a death yak
 24467 | Lair:7   | Noticed a death yak
 24670 | Lair:7   | Killed a death yak
 25008 | Lair:7   | Reached XP level 13. HP: 60/60 MP: 18/26
 25120 | Lair:7   | Reached skill level 10 in Dodging
 25583 | Lair:7   | Killed a death yak
 25589 | Lair:7   | Reached skill level 5 in Ice Magic
 25648 | Lair:6   | Gained mutation: You are dopey. (Int -2) [mutagenic glow]
 26498 | Lair:8   | Entered Level 8 of the Lair of Beasts
 27118 | Lair:8   | Found a dark tunnel.
 27296 | Volcano  | Entered a volcano
 27405 | Volcano  | Found a radiant altar of Vehumet.
 27570 | Volcano  | Reached ****** piety under Dithmenos
 27808 | Lair:8   | Learned a level 9 spell: Glaciate
 28338 | Lair:8   | Found a runed door.
 28373 | Lair:8   | Reached skill level 13 in Hexes
 29082 | Lair:5   | Reached skill level 5 in Evocations
 29945 | Orc:2    | Noticed Snorg
 29958 | Orc:1    | Reached XP level 14. HP: 63/65 MP: 7/28
 30115 | Orc:2    | Mangled by Snorg
 30116 | Orc:2    | Reached XP level 13. HP: -12/61 MP: 25/27
 30121 | Orc:2    | Killed Snorg
 30150 | Orc:2    | HP: 1/61 [orc warlord (21)]
 30154 | Orc:2    | Mangled by an orc warlord
 30155 | Orc:2    | Reached XP level 12. HP: -6/58 MP: 1/26
 30221 | Orc:2    | Killed an orc warlord
 30225 | Orc:2    | Bought a royal jelly for 28 gold pieces
 30225 | Orc:2    | Bought a slice of pizza for 21 gold pieces
 30225 | Orc:2    | Bought a beef jerky for 21 gold pieces
 32088 | Orc:4    | Entered Level 4 of the Orcish Mines
 32226 | Orc:4    | Found a roughly hewn altar of Beogh.
 32301 | Orc:4    | Noticed Saint Roka
 32303 | Orc:4    | Found a roughly hewn altar of Beogh.
 32306 | Orc:4    | Noticed Blork the orc
 32317 | Orc:4    | Found Doeviu's Jewellery Boutique.
 32333 | Orc:4    | Bought the ring of the Evening {rF+ Int+4 Dex+2} for 624 gold pieces
 32333 | Orc:4    | Bought the ring of Genlevaw {Wiz rElec MR- Int+8} for 792 gold pieces
 32545 | Orc:4    | Found a bloodstained altar of Trog.
 32974 | Orc:4    | Found a staircase to the Elven Halls.
 33009 | Elf:1    | Entered Level 1 of the Elven Halls
 33318 | Elf:1    | Reached skill level 10 in Fighting
 33441 | Orc:4    | Gained mutation: You have a pair of small antennae on your head. [mutagenic glow]
 34549 | Orc:4    | Killed Blork the orc
 35456 | Orc:4    | Found Zompul's Antique Armour Boutique.
 35513 | Orc:4    | Killed Saint Roka
 35513 | Orc:4    | Reached XP level 13. HP: 57/61 MP: 8/27
 35530 | Orc:4    | Found Zail's General Store.
 35544 | Orc:4    | Learned a level 6 spell: Conjure Ball Lightning
 36015 | D:11     | Found a labyrinth entrance.
 36027 | Lab      | Entered a labyrinth
 36061 | Lab      | Learned a level 3 spell: Passwall
 36726 | Lab      | Reached skill level 10 in Spellcasting
 37734 | D:12     | Noticed Erolcha
 37749 | D:12     | Killed Erolcha
 38594 | D:13     | Found Milaaf's Jewellery Emporium.
 38695 | D:13     | Found Ciela's Antique Armour Shoppe.
 38820 | D:13     | Found Coureo's Assorted Antiques.
 38926 | D:13     | Noticed Maud
 38934 | D:13     | Killed Maud
 40984 | Swamp:1  | Entered Level 1 of the Swamp
 41020 | Swamp:1  | Reached XP level 14. HP: 66/66 MP: 29/29
 41036 | Swamp:1  | Noticed a purple very ugly thing
 41043 | Swamp:1  | Killed a purple very ugly thing
 41823 | Swamp:1  | Reached skill level 14 in Hexes
 42416 | Swamp:1  | Noticed Frances
 42427 | Swamp:1  | Killed Frances
 43278 | Swamp:2  | Found a deep blue altar of Sif Muna.
 43369 | Swamp:2  | HP: 2/67 [ball lightning[the player character] (6)]
 43626 | Swamp:2  | HP: 2/67 [spriggan rider/spear (17)]
 45619 | Swamp:3  | Reached XP level 15. HP: 71/71 MP: 24/30
 46396 | Swamp:3  | Mangled by a spectral alligator

Action                   |  1- 3 |  4- 6 |  7- 9 | 10-12 | 13-15 || total
-------------------------+-------+-------+-------+-------+-------++-------
Melee: Unarmed           |    59 |   170 |   296 |   816 |   994 ||  2335
 Cast: Corona            |     5 |     4 |     1 |       |       ||    10
       Ensorcelled Hiber |    25 |    49 |    27 |    82 |    64 ||   247
       Dazzling Spray    |       |    21 |     1 |    39 |    33 ||    94
       Confuse           |       |    11 |    19 |    71 |    39 ||   140
       Tukima's Dance    |       |     4 |    28 |    47 |    19 ||    98
       Airstrike         |       |       |     4 |    70 |   111 ||   185
       Invisibility      |       |       |       |    29 |    44 ||    73
       Conjure Ball Ligh |       |       |       |       |    30 ||    30
       Passwall          |       |       |       |       |     7 ||     7
 Abil: Evoke Flight      |       |       |       |       |     4 ||     4
Evoke: Wand              |       |       |       |     8 |     9 ||    17
  Use: Potion            |       |     4 |     3 |     6 |     5 ||    18
       Scroll            |       |     1 |     7 |    12 |    15 ||    35
 Stab: Sleeping          |    26 |    35 |    44 |   126 |   136 ||   367
       Distracted        |     1 |       |     2 |     9 |     8 ||    20
       Invisible         |       |     3 |       |    54 |    70 ||   127
       Confused          |       |     2 |    11 |    49 |    17 ||    79
  Eat: Chunk             |    11 |    21 |    18 |    58 |    90 ||   198
